 Dungeon Crawl Stone Soup version 0.32-a0-928-g1cae6b7ea0 (webtiles) character file.

Game seed: 8932424102565774838

4822 runemasterragnar the Grappler (level 10, -2/102 HPs)
             Began as a Troll Shapeshifter on Apr 13, 2024.
             Was a Follower of Ru.
             Slain by a wolf (8 damage)
             ... led by Grum
             ... on level 9 of the Dungeon.
             The game lasted 00:09:29 (7596 turns).

runemasterragnar the Grappler (Troll Shapeshifter)  Turns: 7596, Time: 00:09:30

Health: -2/102     AC:  4    Str: 25    XL:     10   Next: 25%
Magic:  9/9        EV:  8    Int: 12    God:    Ru [*.....]
Gold:   501        SH:  0    Dex: 16    Spells: 9/9 levels left

rFire   + .          .
                       - Unarmed
rCold   + . .        (no shield)
rNeg    . . .        f - +0 robe {rC+ rF+}
rPois   .            (helmet currently unavailable)
rElec   .            (cloak currently unavailable)
rCorr   .            (gloves unavailable)
SInv    .            (boots unavailable)
Will    .....        (no amulet)
Stlth   ++           K - +6 ring of dexterity
HPRegen 1.17/turn    (no ring)
MPRegen 0.11/turn

%: no passive effects
@: beast-form
A: beast (slay +3), large, unfitting armour, claws 3, regeneration 1, shaggy fur
1, tough skin 1, inability to train dodging, thin skeletal structure 1, clever 1
a: Begin Untransformation, Renounce Religion


You were on level 9 of the Dungeon.
You worshipped Ru.
Ru was aware of your devotion.
You were a hulking beast.
You visited 2 branches of the dungeon, and saw 10 of its levels.
You also visited: Ossuary.

You collected 626 gold pieces.
You spent 125 gold pieces at shops.

Inventory:

Missiles
 H - 5 boomerangs (quivered)
 I - 9 javelins
 J - 13 poisoned darts
Armour
 a - a +0 animal skin
 b - a +1 cloak
 f - a +0 robe of resistance (worn)
 t - a scarf of harm
 w - a +0 cloak
Jewellery
 e - a ring of ice
 n - a ring of magical power
 K - a +6 ring of dexterity (left claw)
Talismans
 c - a beast talisman (active)
 d - a flux talisman
Wands
 p - a wand of charming (6)
 v - a wand of flame (36)
 L - a wand of iceblast (14)
Scrolls
 g - a scroll of amnesia
 i - 3 scrolls of teleportation {unknown}
 k - 3 scrolls of immolation
 o - a scroll of brand weapon
 r - 2 scrolls of revelation
 s - 2 scrolls of vulnerability {unknown}
 u - 4 scrolls of noise
 y - a scroll of poison
 C - a scroll of blinking
 D - a scroll of fear
 F - a scroll of enchant armour
 M - a scroll of identify
Potions
 h - a potion of resistance
 j - 5 potions of degeneration
 l - 2 potions of heal wounds
 m - 3 potions of curing
 q - 2 potions of invisibility {unknown}
 x - 3 potions of attraction {unknown}
 z - a potion of berserk rage {unknown}
 A - a potion of brilliance {unknown}
 B - 2 potions of mutation
 E - 2 potions of might {unknown}
 G - a potion of cancellation {unknown}


   Skills:
 * Level 7.6 Fighting
 * Level 9.5 Unarmed Combat
 + Level 6.4 Shapeshifting


You had 9 spell levels left.
You didn't know any spells.
Your spell library contained the following spells:

 Spells                   Type           Power      Damage    Failure   Level
 Kiss of Death            Conj/Necr      0%         2d5       32%         1
 Magic Dart               Conj           0%         1d3       32%         1
 Blink                    Tloc           0%         N/A       45%         2
 Call Imp                 Summ           0%         N/A       45%         2
 Lesser Beckoning         Tloc           0%         N/A       45%         2
 Momentum Strike          Conj/Tloc      0%         3d8       45%         2
 Static Discharge         Conj/Air       0%         3-3/arc   45%         2
 Sublimation of Blood     Necr           0%         N/A       45%         2
 Confusing Touch          Hex            0%         N/A       69%         3
 Airstrike                Air            0%         2d(0-16)  97%         4
 Dispel Undead            Necr           0%         3d6       97%         4
 Petrify                  Alch/Erth      0%         N/A       97%         4
 Summon Lightning Spire   Summ/Air       0%         N/A       97%         4
 Vhi's Electric Charge    Tloc/Air       0%         N/A       97%         4
 Arcjolt                  Conj/Air       0%         1d10      100%        5
 Irradiate                Conj/Alch      0%         3d11      100%        5
 Plasma Beam              Fire/Air       0%         2x1d10    100%        6


Dungeon Overview and Level Annotations

Branches:
Dungeon (9/15)             Temple (1/1) D:7         Ossuary (visited)
   Lair: D:8-11         Orc: D:9-12

Altars:
Ashenzari
Cheibriados
Dithmenos
Elyvilon
Fedhas
Gozag
Hepliaklqana
Kikubaaqudgha
Makhleb
Nemelex Xobeh
Okawaru
Qazlal
Ru
Sif Muna
Trog
Uskayaw
Vehumet
Wu Jian
Xom
Yredelemnul
Zin
The Shining One
Ignis

Shops:
D:5 *   D:6 [

Annotations:
D:9 1 runed translucent door


Innate Abilities, Weirdness & Mutations

You are a hulking beast.
Your limbs bulge with bestial killing power. (Slay +3)
You are too large for most types of armour.
You have claws for hands.
Your natural rate of healing is unusually fast.
You are covered in fur. (AC +1)
You have tough skin. (AC +1)
You cannot train Dodging skill.
You have a somewhat thin skeletal structure. (Dex +2, Stealth+)
Your mind is acute. (Int +4, Str/Dex -1)


Message History

You closely miss the wolf.
The wolf howls!
You claw the wolf!
The wolf is heavily wounded.
The wolf barely misses you. Grum barely misses you.
Unknown command.
You claw the wolf!
The wolf is almost dead.
The wolf bites you. x2; Grum closely misses you.
You claw the wolf!
You kill the wolf!
The wolf bites you but does no damage.
Unknown command.
You mangle the wolf!!
You kill the wolf!
Grum hits you from afar with a +0 spear!!
The wolf bites you!
Grum stares intently and growls.
Grum hits you with a +0 spear! The wolf closely misses you.
You see here a wolf corpse.
You are too injured to fight recklessly!
You claw Grum!
Grum is moderately wounded.
The wolf bites you! Grum hits you with a +0 spear!!
You mangle Grum!!
Grum is almost dead.
The wolf barely misses you. Grum hits you with a +0 spear!
* * * LOW HITPOINT WARNING * * *
The wolf bites you!
* * * LOW HITPOINT WARNING * * *
You mangle Grum!!
You kill Grum!
The wolf barely misses you.
Unknown command.
You scratch the wolf but do no damage. The wolf barely misses you.
You closely miss the wolf. The wolf bites you!
* * * LOW HITPOINT WARNING * * *
The wolf bites you!
You die...
Ru respects your ultimate sacrifice.

##### ########
...... ......#
......##..##.#
###...)......#
......hh.....#
###########...<#
#.........#....#
#.........#....#
#.........#....#
#....###..#....#
#####....###..#.#..#
#.............#.#..#
#.............#....#


You could see a wolf.

Vanquished Creatures
  A two-headed ogre (D:9)
  A deep elf pyromancer (D:9)
  Joseph (D:7)
  Jeremiah (D:6)
  A shadow (D:7)
  Sigmund (D:5)
  A wyvern (D:9)
  Grum (D:9)
  A steam dragon (D:6)
  Menkaure (D:5)
  An ice beast (D:6)
  A black bear (D:7)
  2 wolves (D:9)
  2 centaurs (D:8)
  A phantom (D:5)
  3 bullfrogs (D:8)
  3 scorpions
  A gnoll sergeant (D:8)
  5 killer bees (D:7)
  2 howler monkeys
  3 centaur zombies (Ossuary)
  A hound (D:6)
  A gnoll bouda (D:6)
  2 human zombies (Ossuary)
  2 jellies
  3 bombardier beetles (D:5)
  Crazy Yiuf (D:4)
  An orc priest (D:6)
  3 iguanas
  2 sleepcaps
  3 orc wizards
  2 ogre zombies (Ossuary)
  7 mummies (Ossuary)
  7 gnolls
  7 adders
  8 river rats (D:5)
  2 shadow imps
  2 ufetubi (D:6)
  2 adder zombies (Ossuary)
  2 dart slugs
  2 ribbon worms (D:2)
  22 orcs
  7 bats
  7 endoplasms
  4 giant cockroaches
  8 goblins
  10 hobgoblins
  5 jackals (D:4)
  6 kobolds
  9 quokkas
  5 ball pythons
  A frilled lizard (D:3)
  7 goblin zombies (Ossuary)
  2 hobgoblin zombies (Ossuary)
  2 kobold zombies (Ossuary)
  2 orc zombies (Ossuary)
  3 quokka zombies (Ossuary)
  22 rats
  5 rat zombies (Ossuary)
221 creatures vanquished.

Notes
Turn   | Place    | Note
-------+----------+-------------------------------------------
     0 | D:1      | runemasterragnar the Troll Shapeshifter began the quest for
                  | the Orb.
     0 | D:1      | Reached XP level 1. HP: 18/18 MP: 0/0
    72 | D:1      | Reached skill level 1 in Fighting
    95 | D:1      | Reached XP level 2. HP: 27/27 MP: 1/1
   823 | D:2      | Reached XP level 3. HP: 33/33 MP: 2/2
  1832 | D:3      | Reached XP level 4. HP: 33/42 MP: 3/3
  1965 | D:3      | Reached skill level 4 in Unarmed Combat
  2070 | D:3      | Found a burning altar of Makhleb.
  2083 | D:3      | HP: 1/42 [iron imp/sling bullet (8)]
  2308 | D:4      | Reached XP level 5. HP: 44/50 MP: 4/4
  2777 | D:4      | Found a runed translucent door.
  2778 | D:4      | Noticed Crazy Yiuf
  3092 | D:4      | Killed Crazy Yiuf
  3142 | D:5      | Entered Level 5 of the Dungeon
  3166 | D:5      | HP: 2/78 [orc/+0 flail (3)]
  3170 | D:5      | Reached XP level 6. HP: 15/59 MP: 5/5
  3330 | D:5      | Gained mutation: You have a somewhat thin skeletal
                  | structure. (Dex +2, Stealth+) [potion of mutation]
  3330 | D:5      | Gained mutation: Your mind is acute. (Int +4, Str/Dex -1)
                  | [potion of mutation]
  3544 | D:5      | Noticed Sigmund
  3552 | D:5      | Killed Sigmund
  3553 | D:5      | Reached skill level 5 in Unarmed Combat
  3664 | D:5      | Reached XP level 7. HP: 35/67 MP: 6/6
  3880 | D:5      | Noticed Menkaure
  3883 | D:5      | Killed Menkaure
  3895 | D:5      | Reached skill level 6 in Unarmed Combat
  4033 | D:5      | Reached XP level 8. HP: 71/79 MP: 7/7
  4056 | D:5      | Found Rianihet's Assorted Antiques.
  4064 | D:5      | Bought a small steel ring for 125 gold pieces
  4070 | D:5      | Found a blossoming altar of Fedhas.
  4072 | D:5      | Found a snail-covered altar of Cheibriados.
  4072 | D:5      | Found a glowing silver altar of Zin.
  4072 | D:5      | Found a sparkling altar of Nemelex Xobeh.
  4104 | D:5      | Found a white marble altar of Elyvilon.
  4104 | D:5      | Found a glowing golden altar of the Shining One.
  4223 | D:6      | Noticed Jeremiah
  4290 | D:6      | Killed Jeremiah
  4375 | D:6      | Found Fogeimog's Antique Armour Boutique.
  4381 | D:6      | Reached skill level 5 in Fighting
  4501 | D:6      | Found an iron altar of Okawaru.
  4510 | D:6      | Reached skill level 7 in Unarmed Combat
  4525 | D:6      | Reached skill level 5 in Shapeshifting
  4621 | D:6      | Identified the +4 scale mail of Hubris {^Contam Int+2
                  | Dex+2}
  5063 | D:7      | Reached XP level 9. HP: 55/89 MP: 8/8
  5070 | D:7      | Found a staircase to the Ecumenical Temple.
  5079 | Temple   | Entered the Ecumenical Temple
  5088 | Temple   | Became a worshipper of Ru the Awakened
  5116 | D:7      | Found a sand-covered staircase.
  5129 | Ossuary  | Entered an ossuary
  5789 | D:7      | Noticed Joseph
  5800 | D:7      | Killed Joseph
  5801 | D:7      | Reached skill level 8 in Unarmed Combat
  6533 | D:8      | Gained mutation: You cannot train Dodging skill. [Ru
                  | sacrifice]
  6533 | D:8      | Reached * piety under Ru
  7035 | D:8      | Found a bloodstained altar of Trog.
  7040 | D:8      | Found a shimmering blue altar of Sif Muna.
  7360 | D:9      | Found a runed translucent door.
  7363 | D:9      | Noticed a sixfirhy
  7368 | D:9      | Noticed a two-headed ogre
  7381 | D:9      | Killed a two-headed ogre
  7382 | D:9      | Reached skill level 9 in Unarmed Combat
  7382 | D:9      | Reached XP level 10. HP: 90/102 MP: 9/9
  7507 | D:9      | Noticed a deep elf pyromancer
  7519 | D:9      | Killed a deep elf pyromancer
  7583 | D:9      | Noticed Grum
  7594 | D:9      | Killed Grum
  7596 | D:9      | Slain by a wolf

Illustrated notes

Levels and vault maps discovered:
D:1:      onia_arrival_pentagram, layout_basic, st_stairs_8
D:2:      layout_basic, minmay_misc_feat_plants, kennysheep_decorative_pillar,
          serial_bayou_lagoon_b
D:3:      layout_basic, demons_altar, roderic_lattice_a
D:4:      layout_loops_ring, grunt_decor_junction, uniq_crazy_yiuf_cottage
D:5:      lemuel_ratsnest, layout_cave_pools, minmay_overflow_temple_hex,
          serial_shops, shop, uniq_menkaure, uniq_sigmund
D:6:      layout_loops_ring, okawaru_metal_pillars_1_2, serial_shops,
          nicolae_shop_scrapyard, uniq_jeremiah
D:7:      layout_basic, minmay_temple_entry_glass, nicolae_ossuary_entry_ruins,
          uniq_joseph
D:8:      hellmonk_ruined_rings, layout_layer_cave,
          hellmonk_overflow_destroyed_library
D:9:      cheibrodos_shockbox, layout_stronghold, dreamdust_mushroom_princess,
          uniq_grum
Temple:   ebering_untended_altars

Skill      XL: |  1  2  3  4  5  6  7  8  9 |
---------------+----------------------------+-----
Fighting       | 1 2 3 4 5 7 |  7.6
Dodging        | 2 3 4 0 |  0.0
Unarmed Combat | 4 5 6 7 9 |  9.5
Shapeshifting  | 4 5 6 |  6.4

Action                     |  1- 3 |  4- 6 |  7- 9 | 10-12 || total
---------------------------+-------+-------+-------+-------++-------
  Melee: Unarmed           |   105 |   143 |   319 |    16 ||   583
         Punch             |     4 |     1 |    15 |     2 ||    22
  Throw: Boomerang         |       |       |     2 |       ||     2
 Invoke: Sacrifice Nimblen |       |       |     1 |       ||     1
    Use: Potion            |       |     4 |       |       ||     4
         Scroll            |       |     4 |     9 |       ||    13
   Stab: Sleeping          |       |       |    17 |       ||    17
 Armour: Animal skin       |    54 |   109 |    91 |       ||   254
         Skin              |       |    11 |       |       ||    11
         Robe              |       |       |   124 |    18 ||   142
  Dodge: Dodged            |    58 |    55 |   126 |    10 ||   249

Table legend: (Time is in decaauts)
 A = Elapsed time spent in this place.
 B = Non-inter-level travel time spent in this place.
 C = Inter-level travel time spent in this place.
 D = Time resting spent in this place.
 E = Time spent auto-exploring this place.
 F = Levels seen in this place.
 G = Mean time per level.
                   A        B        C        D        E       F      G
               +--------+--------+--------+--------+--------+-----+--------+
         Total |   7539 |   7013 |    526 |    504 |   5168 |  11 |  685.4 |
       Dungeon |   7100 |   6582 |    518 |    504 |   4918 |   9 |  788.9 |
        Temple |     18 |     10 |      8 |      0 |      0 |   1 |   18.0 |
       Ossuary |    420 |    420 |      0 |      0 |    250 |   1 |  420.0 |
               +--------+--------+--------+--------+--------+-----+--------+

Top non-repeatable levels by time:
     D:5: 1110 daAuts
     D:8: 992 daAuts
     D:3: 934 daAuts
     D:4: 912 daAuts
     D:6: 827 daAuts
     D:2: 797 daAuts
     D:1: 651 daAuts
     D:7: 632 daAuts
 Ossuary: 420 daAuts
     D:9: 240 daAuts
  Temple: 18 daAuts
